 Dungeon Crawl Stone Soup version 0.15-a0-77-g44c3f01 (webtiles) character file.

326 4tharraofdagon the Skirmisher (level 5, 0/59 HPs)
             Began as an Ogre Monk on Apr 7, 2014.
             Was a Believer of Zin.
             Slain by a giant frog (2 damage)
             ... on Level 9 of the Dungeon.
             The game lasted 00:10:01 (1585 turns).

4tharraofdagon the Skirmisher (Ogre Monk)           Turns: 1585, Time: 00:10:01

HP   0/59        AC  3     Str 17      XL: 5   Next: 96%
MP   0/4         EV 10     Int  9      God: Zin [**....]
Gold 107         SH  0     Dex 12      Spells:  0 memorised,  4 levels left

rFire  . . .     SeeInvis .       - Unarmed
rCold  . . .     Clarity  .     a - +0 robe
rNeg   . . .     Conserve .     (shield restricted)
rPois  .         rCorr    .     (helmet restricted)
rElec  .         rRot     .     (no cloak)
SustAb . .       Spirit   +     (gloves unavailable)
rMut   .         Warding  .     (boots unavailable)
Saprov + . .     Stasis   .     e - amulet of guardian spirit
MR     .....                    (no ring)
                                (no ring)

@: exhausted, very slightly contaminated, hasted and slowed, not resistant to
hostile enchantments, unstealthy
A: unfitting armour, blurry vision 1, deterioration 1, fast metabolism 1, low mp
1, saprovore 1, tough skin 1
a: Recite, Vitalisation, Renounce Religion


You were on level 9 of the Dungeon.
You worshipped Zin.
Zin was pleased with you.
You were very hungry.

You visited 1 branch of the dungeon, and saw 9 of its levels.

You collected 118 gold pieces.
You donated 11 gold pieces.

Inventory:

Hand weapons
 g - a +0,+0 long sword
Armour
 a - a +0 robe (worn)
Comestibles
 b - 5 meat rations
 i - 2 bread rations
Scrolls
 c - a scroll of magic mapping {unknown}
 d - a scroll of fog {unknown}
 f - a scroll of recharging {unknown}
 m - a scroll of blinking {unknown}
 p - 3 scrolls of teleportation {unknown}
Jewellery
 e - an amulet of guardian spirit (around neck)
Potions
 j - a potion of decay
 n - a potion of confusion


   Skills:
 + Level 5.8 Fighting
 - Level 2.6 Dodging
 - Level 1.5 Stealth
 * Level 5.6 Unarmed Combat


You had 4 spell levels left.
You didn't know any spells.

Dungeon Overview and Level Annotations

Branches:
Dungeon (9/15)
 Temple: D:4-7          Orc: D:9-12        Lair: D:8-11

Altars:
Dithmenos
Zin

Shops:
D:6 }

Annotations:
D:3 Ijyb


Innate Abilities, Weirdness & Mutations

You are too large for most types of armour.
You have a fast metabolism.
You can tolerate rotten meat.
You have tough skin (AC +1).
Your vision is a little blurry.
Your body is slowly deteriorating.
Your magical capacity is low (-10% MP).


Message History

You are too injured to fight recklessly!
You hit the giant frog.
The giant frog is heavily wounded.
The giant frog hits you.
* * * LOW HITPOINT WARNING * * *
You completely miss the giant frog.
The giant frog is heavily wounded.
The giant frog hits you.
* * * LOW HITPOINT WARNING * * *
Unknown command.
You barely miss the giant frog. Your punch misses the giant frog.
The giant frog is heavily wounded.
The giant frog hits you.
* * * LOW HITPOINT WARNING * * *
The giant frog barely misses you.
Unknown command.
You punch the giant frog!
The giant frog is almost dead.
The giant frog hits you.
You die...

#............#
########+#####
####..#
##....##
#..#### #.##
###<#######
#.........#
#....@F...#
#.........#
............#
###......?..#
#######.### .#
##


You could see a giant frog.

Vanquished Creatures
  A giant frog (D:6)
  A hound (D:6)
  A worker ant (D:5)
  3 adders
  A giant mite (D:9)
  An orc skeleton (D:5)
  An orc zombie (D:5)
  5 giant geckos
  An orc (D:4)
  2 giant cockroaches
  2 hobgoblins
  9 jackals
  9 bats
  A giant newt (D:2)
  9 goblins
  6 kobolds
  3 quokkas
  4 rats
60 creatures vanquished.

Notes
Turn   | Place    | Note
--------------------------------------------------------------
     0 | D:1      | 4tharraofdagon, the Ogre Monk, began the quest for the Orb.
     0 | D:1      | Reached XP level 1. HP: 24/24 MP: 1/1
   181 | D:2      | Reached XP level 2. HP: 19/33 MP: 2/2
   293 | D:2      | Reached XP level 3. HP: 16/40 MP: 3/3
   563 | D:4      | Reached skill level 5 in Fighting
   672 | D:3      | Reached XP level 4. HP: 17/50 MP: 4/4
   694 | D:3      | Noticed Ijyb
   716 | D:3      | Gained mutation: Your magical capacity is low (-10% MP). [potion of mutation]
   716 | D:3      | Gained mutation: Your vision is a little blurry. [potion of mutation]
   716 | D:3      | Gained mutation: Your body is slowly deteriorating. [potion of mutation]
   883 | D:4      | Noticed a phantom
   921 | D:5      | Entered Level 5 of the Dungeon
  1021 | D:5      | Found a glowing silver altar of Zin.
  1030 | D:5      | Became a worshipper of Zin the Law-Giver
  1030 | D:5      | Acquired Zin's first power
  1030 | D:5      | Acquired Zin's second power
  1200 | D:6      | Noticed a giant frog
  1210 | D:5      | Noticed a centaur
  1250 | D:6      | Found a shadowy altar of Dithmenos.
  1256 | D:6      | Noticed a giant frog
  1273 | D:6      | HP: 2/50 [giant frog (4)]
  1276 | D:6      | Killed a giant frog
  1276 | D:6      | Reached skill level 5 in Unarmed Combat
  1276 | D:6      | Reached XP level 5. HP: 34/58 MP: 0/4
  1345 | D:6      | Found Gadodiq's Gadget Shop.
  1584 | D:9      | HP: 2/59 [giant frog (1)]
  1585 | D:9      | Slain by a giant frog

Action                   |  1- 3 |  4- 6 || total
-------------------------+-------+-------++-------
Melee: Unarmed           |   133 |   184 ||   317
Throw: Dart              |       |     1 ||     1
  Use: Scroll            |     3 |     3 ||     6
       Potion            |       |     7 ||     7
 Stab: Sleeping          |     1 |       ||     1
